 Dungeon Crawl Stone Soup version 0.31-a0-1469-gd420192249 (webtiles) character file.

Game seed: 3394170337818849346

16 silenth the Trooper (level 2, -2/33 HPs)
             Began as an Oni Delver on Dec 28, 2023.
             Slain by an orc
             ... wielding a +0 war axe
              (6 damage)
             ... on level 3 of the Dungeon.
             The game lasted 00:00:49 (156 turns).

silenth the Trooper (Oni Delver)                     Turns: 156, Time: 00:00:50

Health: -2/33      AC:  3    Str: 15    XL:     2   Next: 58%
Magic:  2/2        EV:  9    Int: 11    God:
Gold:   0          SH:  0    Dex: 10    Spells: 1/1 levels left

rFire   . . .        a - +0 mace
rCold   . . .        (no shield)
rNeg    . . .        b - +0 robe
rPois   .            (helmet restricted)
rElec   .            (no cloak)
rCorr   .            (gloves unavailable)
SInv    .            (boots unavailable)
Will    .....        (no amulet)
Stlth   ++           (no ring)
HPRegen 0.25/turn    (no ring)
MPRegen 0.08/turn

%: no passive effects
@: hasted, very quick
A: large, unfitting armour, horns 1, tough skin 1, double potion healing,
drunken brawling
a: no special abilities


You were on level 3 of the Dungeon.
You visited 1 branch of the dungeon, and saw 3 of its levels.

Inventory:

Hand Weapons
 a - a +0 mace (weapon)
Armour
 b - a +0 robe (worn)
Wands
 g - a wand of digging (3)
Scrolls
 c - a scroll of fog
 d - a scroll of revelation
 e - a scroll of fear
Potions
 h - a potion of curing {unknown}


   Skills:
 + Level 4.4 Fighting
 * Level 2.8 Maces & Flails
 - Level 1.7 Dodging
 - Level 3.7 Stealth


You had one spell level left.
You didn't know any spells.
Your spell library was empty.

Dungeon Overview and Level Annotations

Branches:
Dungeon (5/15)
 Temple: D:4-7

Altars:


Innate Abilities, Weirdness & Mutations

You are too large for most types of armour.
You have a pair of small horns on your head.
You have tough skin. (AC +1)
You gain doubled healing and magic from potions.
Whenever you drink a healing potion, you attack all around you.


Message History

The orc is severely wounded.
The orc closely misses you. The orc hits you but does no damage.
The orc closely misses you.
A rat comes into view.
You barely miss the orc.
The orc is severely wounded.
The orc closely misses you. The orc hits you with a +0 whip.
The orc hits you but does no damage. The orc hits you with a +0 war axe!
The orc hits you with a +0 whip. The orc hits you with a +0 club.
* * * LOW HITPOINT WARNING * * *
You feel yourself speed up. The orc barely misses you. x2
The orc hits you with a +0 whip.
* * * LOW HITPOINT WARNING * * *
You hit the orc but do no damage. Your headbutt misses the orc.
The orc is severely wounded.
The orc hits you with a +0 war axe.
* * * LOW HITPOINT WARNING * * *
The orc barely misses you. The orc hits you but does no damage.
You hit the orc but do no damage.
The orc is severely wounded.
You closely miss the orc.
The orc is severely wounded.
The orc closely misses you. The orc barely misses you.
The orc hits you but does no damage.
You hit the orc.
You kill the orc!
The orc hits you but does no damage. The orc barely misses you.
The kobold throws a stone.
The stone completely misses you. The rat attacks as it pursues you!
The rat barely misses you.
There is a stone staircase leading down here.
You thump the orc!
You kill the orc!
You hit the rat.
You kill the rat!
You barely miss the orc.
The orc is moderately wounded.
The kobold hits you with a +0 dagger.
* * * LOW HITPOINT WARNING * * *
The orc hits you with a +0 war axe.
You die...

.# .# .#
##.###
#....#
#.... #..#
#@.#
#######oK#
......)).#
.##......#
#........
#......#.#
#......#...
#.....##
### #......


You could see an orc and a kobold.

Vanquished Creatures
  A white imp (D:4)
  3 orcs (D:3)
  An endoplasm (D:4)
  A kobold (D:4)
  A rat (D:3)
7 creatures vanquished.

Notes
Turn   | Place    | Note
-------+----------+-------------------------------------------
     0 | D:5      | silenth the Oni Delver began the quest for the Orb.
     0 | D:5      | Reached XP level 1. HP: 24/24 MP: 1/1
    65 | D:4      | Reached XP level 2. HP: 14/32 MP: 2/2
   156 | D:3      | Slain by an orc

Illustrated notes

Levels and vault maps discovered:
D:3:      layout_basic
D:4:      layout_basic, uniq_robin
D:5:      layout_cave_pods, temple_statues, uniq_menkaure

Action                     || total
---------------------------++-------
  Melee: Mace              ||    22
         Headbutt          ||     1
    Use: Potion            ||     1
   Stab: Sleeping          ||     1
 Armour: Robe              ||    23
  Dodge: Dodged            ||    21

Table legend: (Time is in decaauts)
 A = Elapsed time spent in this place.
 B = Non-inter-level travel time spent in this place.
 C = Inter-level travel time spent in this place.
 D = Time resting spent in this place.
 E = Time spent auto-exploring this place.
 F = Levels seen in this place.
 G = Mean time per level.
                   A        B        C        D        E       F      G
               +--------+--------+--------+--------+--------+-----+--------+
         Total |    158 |    158 |      0 |     65 |     35 |   3 |   52.7 |
       Dungeon |    158 |    158 |      0 |     65 |     35 |   3 |   52.7 |
               +--------+--------+--------+--------+--------+-----+--------+

Top non-repeatable levels by time:
     D:4: 101 daAuts
     D:5: 36 daAuts
     D:3: 20 daAuts
